Map: Séquenceur EC

Players

General

  • Race: Terran Terran
  • Spawn Location: 7:00

zidar - Winner!

  • Race: Zerg Zerg
  • League: Gold
  • Spawn Location: 1:00

VOD

Have the link to the VOD?

Description

Time

  • Played on: July 7, 2017, 2:18 p.m.
  • Length: 9:18
Show
View Real Time Build Order
Export as new Build Order

General Terran 

Build Orders:  

Get SALT Encoding   

  12  0:04  SCV  
  13  0:21  SCV, Supply Depot  
  14  0:30  Refinery  
  14  0:33  SCV  
  15  0:46  Barracks  
  15  0:55  Supply Depot  
  15  0:56  SCV  
  16  1:26  SCV  
  16  1:30  Barracks  
  17  1:46  Barracks  
  17  1:51  Barracks  
  17  2:04  Orbital Command  
  17  2:05  Barracks Tech Lab  
  17  2:28  Combat Shield, Barracks Reactor  
  17  2:34  Marauder  
  19  2:40  Barracks Reactor  
  19  2:43  Supply Depot  
  19  2:59  Refinery  
  19  3:00  Barracks Reactor  
  19  3:04  Marauder  
  21  3:10  Marine  
  21  3:11  Marine  
  23  3:17  Marine  
  23  3:18  Marine  
  25  3:29  Marine, Marauder  
  25  3:30  Marine  
  29  3:35  Supply Depot  
  29  3:37  Marine  
  29  3:38  Marine  
  31  3:56  Marine x3  
  31  3:57  Marine x2  
  31  4:00  Marine  
  37  4:09  Supply Depot  
  37  4:36  Marine x2  
  37  4:37  Marine x4  
  37  4:38  Marine  
  44  4:54  Marine  
  44  4:59  Marine x4  
  48  5:00  Marine  
  48  5:05  Engineering Bay  
  50  5:13  Marine, Marauder  
  44  5:34  Marine  
  44  5:35  Marine x4  
  38  5:48  Marine x2  
  40  6:06  Marauder  
  40  6:08  Engineering Bay  
  40  6:11  Marine x2  
  44  6:38  Marine x2  
  44  6:39  Marine x5  
  40  7:14  Marine x2  
  40  7:15  Marine x4  
  35  7:16  Marauder  
  36  7:32  Marine  
  36  7:33  Marine x2  
  36  7:34  Marine  
  36  7:35  Marine  
  41  7:45  Marauder  
  42  8:09  Marine x5  
  42  8:10  Marine  
  31  8:17  Marine  
  26  8:27  Marine x5  
  26  8:31  Marine  
Show
View Real Time Build Order
Export as new Build Order

zidar Zerg - Winner!

Build Orders: Pool First 

Get SALT Encoding   

  12  0:01  Drone  
  13  0:12  Overlord  
  13  0:17  Drone  
  14  0:30  Drone x2  
  16  0:38  Drone  
  17  0:51  Spawning Pool, Drone  
  17  1:15  Hatchery  
  17  1:16  Drone  
  17  1:21  Extractor  
  17  1:22  Drone  
  17  1:33  Drone x2  
  18  1:43  Queen  
  20  1:49  Overlord  
  20  1:56  Drone  
  21  2:06  Drone  
  22  2:19  Queen  
  24  2:25  Metabolic Boost  
  24  2:30  Drone  
  24  2:31  Zergling x2  
  24  2:33  Zergling x2  
  27  2:56  Roach Warren  
  26  3:15  Zergling x2  
  26  3:16  Zergling x14  
  34  3:23  Overlord  
  34  3:38  Extractor  
  33  3:44  Roach x5  
  43  4:04  Overlord x3  
  43  4:30  Roach x7  
  56  4:39  Overlord  
  56  4:50  Ravager x2  
  58  5:05  Ravager  
  48  5:38  Roach x8  
  64  5:54  Zergling x8  
  68  6:03  Overlord  
  68  6:42  Roach x4  
  59  7:23  Ravager  
  59  7:24  Ravager  
  59  7:27  Roach  
  59  7:28  Roach x5  
  73  7:38  Pneumatized Carapace  
  73  7:40  Zergling x2  
  73  7:41  Zergling x2  
  59  8:35  Ravager  
  59  8:36  Ravager  
  61  8:44  Roach x7  
  75  8:59  Overlord x2  
  75  9:00  Overlord  
Tags
 
League
Gold
Matchup
TvZ
Opening
Pool First
Spawn Locations
Cross Positions
Add a new tag
Caveats
  • Supply blocks, unpowered buildings, or Contaminate may cause inaccurate times.
  • Supply counts are checked every 10 seconds.